 Dungeon Crawl Stone Soup version 0.21.1-1-g345015f (webtiles) character file.

2370 Golfball the Basher (level 9, -3/55 HPs)
             Began as a Gargoyle Fighter on Feb 5, 2018.
             Was a Believer of the Shining One.
             Slain by a two-headed ogre
             ... wielding a cursed -3 giant spiked club
              (18 damage)
             ... on level 5 of the Dungeon.
             The game lasted 00:18:06 (5331 turns).

Golfball the Basher (Gargoyle Fighter)              Turns: 5331, Time: 00:18:06

Health: -3/55      AC: 14    Str: 23    XL:     9   Next: 45%
Magic:  12/12      EV:  7    Int:  9    God:    the Shining One [**....]
Gold:   386        SH:  9    Dex:  9    Spells: 8/8 levels left

rFire    . . .     SeeInvis .   a - +1 flail
rCold    . . .     Gourm    .   c - +0 shield
rNeg     + + .     Faith    .   h - +0 scale mail
rPois    ∞         Spirit   .   l - +1 hat
rElec    +         Reflect  .   (no cloak)
rCorr    +         Harm     .   (no gloves)
MR       .....                  (no boots)
Stlth    ..........             (no amulet)
HPRegen  0.18/turn              t - +1 ring of slaying
MPRegen  0.13/turn              s - ring of resist corrosion

@: glowing
A: negative energy resistance 1, electricity resistance, unbreathing,
petrification resistance, rot immunity, AC +6
a: Divine Shield, Renounce Religion


You were on level 5 of the Dungeon.
You worshipped the Shining One.
The Shining One was pleased with you.
You were not hungry.

You visited 2 branches of the dungeon, and saw 8 of its levels.

You collected 386 gold pieces.

Inventory:

Hand Weapons
 a - a +1 flail (weapon)
 b - a +0 hunting sling
 x - a +0 hand axe
 A - a +0 war axe
Missiles
 i - 79 stones (quivered)
 r - 18 sling bullets
Armour
 c - a +0 shield (worn)
 h - a +0 scale mail (worn)
 l - a +1 hat (worn)
Jewellery
 o - an uncursed ring of fire
 s - a ring of resist corrosion (right hand)
 t - a +1 ring of slaying (left hand)
Wands
 u - a wand of digging (13)
 y - a wand of disintegration (14)
Scrolls
 e - 3 scrolls of enchant weapon
 q - 2 scrolls of remove curse
 C - 2 scrolls of teleportation
Potions
 d - a potion of might
 g - a potion of heal wounds
 j - 2 potions of flight
 k - 4 potions of curing {unknown}
 n - a potion of agility {unknown}
 p - 2 potions of haste {unknown}
 v - 2 potions of brilliance {unknown}
 w - a potion of mutation {unknown}
 z - a potion of experience {unknown}
 B - 2 potions of lignification {unknown}
Comestibles
 f - 13 rations
 m - 4 chunks of flesh


   Skills:
 - Level 6.0 Fighting
 - Level 10.5 Maces & Flails
 + Level 3.5 Armour
 - Level 3.2 Shields
 + Level 4.9 Invocations


You had 8 spell levels left.
You didn't know any spells.

Dungeon Overview and Level Annotations

Branches:
Dungeon (7/15)             Temple (1/1) D:4

Altars:
Ashenzari
Cheibriados
Dithmenos
Elyvilon
Gozag
Hepliaklqana
Kikubaaqudgha
Makhleb
Nemelex Xobeh
Ru
Sif Muna
Trog
Uskayaw
Wu Jian
Xom
Yredelemnul
Zin
The Shining One


Innate Abilities, Weirdness & Mutations

You are resistant to torment.
Your stone body is resilient. (AC +6)
You are immune to poison.
You resist negative energy. (rN+)
You are resistant to electric shocks. (rElec)
You can survive without breathing.
You are immune to petrification.
You are immune to rotting.


Message History

The two-headed ogre hits you with a giant spiked club!!
You completely miss the two-headed ogre.
The two-headed ogre is moderately wounded.
You hit the two-headed ogre.
The two-headed ogre is moderately wounded.
The two-headed ogre hits you with a giant spiked club!!
The two-headed ogre hits you but does no damage.
You thump the two-headed ogre!
The two-headed ogre is heavily wounded.
The two-headed ogre hits you with a giant spiked club.
* * * LOW HITPOINT WARNING * * *
You block the two-headed ogre's attack.
Some of the chunks of flesh in your inventory have rotted away.
You hit the two-headed ogre but do no damage.
The two-headed ogre is heavily wounded.
You hit the two-headed ogre.
The two-headed ogre is severely wounded.
You block the two-headed ogre's attack.
The two-headed ogre hits you with a giant spiked club!!
You die...

#.# #...# #.#
###.##### ###.#
#........
##.#.###.#......
##.#..##.........
##.###.##..#######
##.## ##....# #
#.## ##...# ##@#
##.##.#### ##O#
#........#
..#.#.#...#.####
##.##.#...#.#...
#.# ####.#...#.#.##
#.# #.#)###.#.# #.#
#.#.###.#.#
#.######.((....#.##
#<##.............#.


You could see a two-headed ogre.

Vanquished Creatures
  The ghost of tamerofbeasts the Shield-Bearer, a novice MiFi of Makhleb (D:5)
  An ice beast (D:5)
  2 phantoms
  A sky beast (D:6)
  2 ogres
  2 centaurs (D:5)
  A gnoll sergeant (D:5)
  A scorpion (D:5)
  3 howler monkeys (D:7)
  3 crimson imps (D:5)
  2 gnoll shamans (D:5)
  An orc priest (D:5)
  3 hounds (D:5)
  2 orc wizards
  A centaur skeleton (D:4)
  An iguana (D:5)
  2 worker ants
  A hound skeleton (D:5)
  38 gnolls (D:5)
  3 adders
  A shadow imp (D:5)
  An ooze (D:4)
  2 adder skeletons (D:4)
  3 worms
  3 dart slugs
  8 leopard geckos
  16 orcs
  3 ball pythons (D:3)
  5 bats (D:1)
  3 giant cockroaches
  5 goblins
  11 hobgoblins
  16 jackals
  3 quokkas
  6 frilled lizards
  5 kobolds
  3 rats
  A fungus (D:1)
166 creatures vanquished.

Notes
Turn   | Place    | Note
-------+----------+-------------------------------------------
     0 | D:1      | Golfball the Gargoyle Fighter began the quest for the Orb.
     0 | D:1      | Reached XP level 1. HP: 14/14 MP: 1/1
   194 | D:1      | Reached XP level 2. HP: 19/19 MP: 2/2
   451 | D:1      | Reached skill level 3 in Maces & Flails
   857 | D:2      | Reached XP level 3. HP: 23/23 MP: 3/3
   904 | D:2      | Found a shattered altar of Ashenzari.
  1291 | D:2      | Reached skill level 4 in Maces & Flails
  1631 | D:2      | Reached XP level 4. HP: 27/28 MP: 4/4
  1942 | D:3      | Reached skill level 5 in Maces & Flails
  2003 | D:3      | Reached XP level 5. HP: 32/32 MP: 5/5
  2011 | D:3      | Found a white marble altar of Elyvilon.
  2465 | D:4      | Found a staircase to the Ecumenical Temple.
  2602 | Temple   | Entered the Ecumenical Temple
  2836 | Temple   | Became a worshipper of the Shining One
  2878 | D:4      | Noticed a phantom
  2882 | D:4      | Noticed an ogre
  2892 | D:4      | Killed an ogre
  2892 | D:4      | Reached skill level 6 in Maces & Flails
  2892 | D:4      | Reached XP level 6. HP: 14/37 MP: 6/6
  2901 | D:4      | Killed a phantom
  2901 | D:4      | Reached skill level 7 in Maces & Flails
  2960 | D:4      | You fall through a shaft for 3 floors!
  3175 | D:7      | Reached XP level 7. HP: 34/41 MP: 7/7
  3345 | D:6      | Reached skill level 8 in Maces & Flails
  3408 | D:5      | Entered Level 5 of the Dungeon
  3558 | D:5      | Reached skill level 9 in Maces & Flails
  3558 | D:5      | Reached XP level 8. HP: 14/46 MP: 8/8
  3843 | D:5      | Found a sacrificial altar of Ru.
  3869 | D:5      | Noticed tamerofbeasts's ghost (novice MiFi)
  3879 | D:5      | Killed tamerofbeasts's ghost
  3879 | D:5      | Reached skill level 10 in Maces & Flails
  3900 | D:4      | Reached skill level 1 in Invocations
  4211 | D:5      | Reached * piety under the Shining One
  4220 | D:5      | Found a hide-covered altar of Uskayaw.
  4425 | D:5      | Reached XP level 9. HP: 52/52 MP: 9/11
  4458 | D:5      | Found a burning altar of Makhleb.
  4589 | D:5      | Reached skill level 5 in Fighting
  5042 | D:5      | Reached ** piety under the Shining One
  5324 | D:5      | Noticed a two-headed ogre
  5331 | D:5      | Slain by a two-headed ogre

Skill      XL: |  1  2  3  4  5  6  7  8  9 |
---------------+----------------------------+-----
Maces & Flails | 3 4 5 6 7 9 10 | 10.5
Invocations    | 2 4 |  4.9
Fighting       | 4 6 |  6.0
Armour         | |  3.5
Shields        | |  3.2

Action                   |  1- 3 |  4- 6 |  7- 9 || total
-------------------------+-------+-------+-------++-------
Melee: Flail             |   143 |   205 |   264 ||   612
  Use: Scroll            |       |     4 |     6 ||    10
       Potion            |       |       |     1 ||     1
  Eat: Chunk             |     2 |     4 |     6 ||    12
       Ration            |       |     1 |       ||     1
Armor: Scale mail        |    71 |   107 |   124 ||   302
Dodge: Dodged            |    29 |    62 |    51 ||   142
Block: Shield            |    69 |    78 |   122 ||   269
